 Dungeon Crawl Stone Soup version 0.31.0-1-g2c135a0 (webtiles) character file.

Game seed: 11023884551175624530

368 brinewave the Ducker (level 6, -3/32 HPs)
             Began as a Felid Shapeshifter on Jan 27, 2024.
             Was a High Priest of Ignis.
             Slain by a scorpion (6 damage)
             ... on level 5 of the Dungeon.
             The game lasted 00:11:26 (3624 turns).

brinewave the Ducker (Felid Shapeshifter)           Turns: 3624, Time: 00:11:27

Health: -3/32      AC:  2    Str: 12    XL:     6   Next: 41%
Magic:  7/7        EV: 19    Int: 14    God:    Ignis [*****.]
Gold:   228        SH:  0    Dex: 15    Spells: 5/5 levels left
                                        Lives:  0   Deaths: 2

rFire   + .          .
                       - Unarmed
rCold   . . .        (shield unavailable)
rNeg    . . .        (body armour unavailable)
rPois   .            (helmet unavailable)
rElec   .            (cloak unavailable)
rCorr   .            (gloves unavailable)
SInv    +            (boots unavailable)
Will    +....        (no amulet)
Stlth   +            h - ring of willpower
HPRegen 0.25/turn    (no ring)
MPRegen 0.10/turn

%: no passive effects
@: lethally poisoned (-3 -> -8), beast-form
A: beast (slay +2), very small, claws 1, fangs 3, see invisible, shaggy fur 2,
stealthy paws, no weapons or thrown items, no armour, multi-lived
a: Begin Untransformation, Renounce Religion, Fiery Armour, Foxfire Swarm,
Rising Flame


You were on level 5 of the Dungeon.
You worshipped Ignis.
Ignis was extremely pleased with you.
You were a hulking beast.
You visited 1 branch of the dungeon, and saw 5 of its levels.

You collected 228 gold pieces.

Inventory:

Jewellery
 h - a ring of willpower (left paw)
Talismans
 b - a beast talisman
 c - a flux talisman
Scrolls
 k - a scroll of revelation {unknown}
 l - a scroll of brand weapon {unknown}
 m - a scroll of teleportation
 n - a scroll of vulnerability {unknown}
 o - a scroll of poison {unknown}
 q - a scroll of fear {unknown}
Potions
 a - 4 potions of lignification
 d - 2 potions of curing {unknown}
 e - a potion of berserk rage {unknown}
 f - 3 potions of heal wounds {unknown}
 g - a potion of magic {unknown}
 i - a potion of mutation {unknown}
 j - a potion of resistance {unknown}
 p - a potion of attraction {unknown}


   Skills:
 + Level 3.3 Fighting
 + Level 5.0 Dodging
 + Level 4.4 Unarmed Combat
 + Level 3.8 Shapeshifting


You had 5 spell levels left.
You didn't know any spells.
Your spell library contained the following spells:

 Spells                   Type           Power      Damage    Failure   Level
 Necrotise                Necr           0%         1d4       28%         1
 Sandblast                Erth           0%         2d4       28%         1
 Passwall                 Erth           0%         N/A       65%         3
 Stone Arrow              Conj/Erth      0%         3d7       65%         3
 Vampiric Draining        Necr           0%         2d6       65%         3
 Brom's Barrelling Bould  Conj/Erth      0%         2d3       96%         4
 Martyr's Knell           Necr/Summ      0%         N/A       96%         4
 Curse of Agony           Necr           0%         N/A       100%        5


Dungeon Overview and Level Annotations

Branches:
Dungeon (5/15)
 Temple: D:4-7

Altars:
Ignis

Shops:
D:3 (   D:4 *

Annotations:
D:4 exclusion: ice beast, Duvessa, Edmund


Innate Abilities, Weirdness & Mutations

You are a hulking beast.
Your limbs bulge with bestial killing power. (Slay +2)
You have sharp claws.
You have razor-sharp teeth.
You have supernaturally acute eyesight. (SInv)
You are covered in thick fur. (AC +2)
Your paws help you pounce on unaware monsters.
You are incapable of wielding weapons or throwing items.
You cannot wear armour.
You gain extra lives every three experience levels.


Message History

You kill the iguana!
Your Dodging skill increases to level 5!
You scratch the scorpion.
The scorpion is moderately wounded.
The scorpion closely misses you.
You scratch the scorpion.
The scorpion is heavily wounded.
The scorpion barely misses you.
The white imp lashes its tail.
You scratch the scorpion.
The scorpion is severely wounded.
The scorpion completely misses you.
You scratch the scorpion but do no damage.
The scorpion is severely wounded.
The scorpion closely misses you.
You scratch the scorpion but do no damage.
The scorpion is severely wounded.
The scorpion closely misses you. The scorpion stings you.
* * * LOW HITPOINT WARNING * * *
You barely miss the scorpion.
The scorpion is severely wounded.
The scorpion misses you.
You scratch the scorpion.
The scorpion is severely wounded.
The scorpion misses you.
You scratch the scorpion.
The scorpion is almost dead.
The scorpion stings you.
* * * LOW HITPOINT WARNING * * *
You scratch the scorpion.
The scorpion is almost dead.
The scorpion stings you.
* * * LOW HITPOINT WARNING * * *
You are lethally poisoned!
The scorpion poisons you!
You closely miss the scorpion.
The scorpion is almost dead.
* * * LOW HITPOINT WARNING * * *
You feel sick. The scorpion stings you.
You die...

#...............
#...............
#...........)... ##
#............... ...
#...........)).. ....
#............... .....
#...............
......###............)..
.....5sh................
......##................
..... #................
#### #..............<.
#....######.#.#.~ #....#
....#.~ #....# ...#
#....# .# ####.#


You could see a scorpion and a white imp.

Vanquished Creatures
  A kobold brigand (D:5)
  Dowan (D:4)
  A bombardier beetle (D:4)
  A hound (D:5)
  2 iguanas
  7 adders
  4 dart slugs
  A ribbon worm (D:3)
  6 ball pythons
  7 endoplasms
  3 giant cockroaches
  5 hobgoblins
  3 jackals (D:4)
  A quokka (D:1)
  4 bats
  A frilled lizard (D:1)
  7 goblins
  8 kobolds
  3 rats
66 creatures vanquished.

Notes
Turn   | Place    | Note
-------+----------+-------------------------------------------
     0 | D:1      | brinewave the Felid Shapeshifter began the quest for the
                  | Orb.
     0 | D:1      | Reached XP level 1. HP: 10/10 MP: 2/2
    56 | D:1      | Found a faded altar of an unknown god.
    85 | D:1      | Prayed at the altar of an unknown god.
    85 | D:1      | Became a worshipper of Ignis, the Dying Flame
   192 | D:1      | Reached skill level 3 in Dodging
   192 | D:1      | Reached XP level 2. HP: 14/14 MP: 3/3
   894 | D:2      | Reached XP level 3. HP: 14/18 MP: 4/4
  1586 | D:3      | Found Unnel's Antique Weapon Boutique.
  1643 | D:3      | Reached XP level 4. HP: 19/23 MP: 5/5
  1643 | D:3      | Gained a life (2 lives remaining)
  1833 | D:3      | Identified the +9 quarterstaff "Xioganah" {speed, Fly rC+
                  | MP+9}
  2358 | D:4      | Reached skill level 4 in Dodging
  2535 | D:4      | Noticed Dowan
  2536 | D:4      | Noticed Duvessa
  2555 | D:4      | Killed Dowan
  2556 | D:4      | Reached XP level 5. HP: 5/27 MP: 6/6
  2558 | D:4      | Mangled by Duvessa
  2558 | D:4      | Lost a life (1 life remaining)
  2579 | D:4      | Noticed Edmund
  2758 | D:4      | Found Ukaud Due's Overcharged Wands.
  2935 | D:4      | Noticed an ice beast
  3180 | D:5      | Entered Level 5 of the Dungeon
  3456 | D:5      | Noticed a centaur
  3462 | D:5      | Slain by a centaur
  3462 | D:5      | Lost a life (0 lives remaining)
  3476 | D:5      | Gained mutation: You are covered in thick fur. (AC +2)
                  | [Felid growth]
  3476 | D:5      | Reached XP level 6. HP: 8/32 MP: 7/7
  3615 | D:5      | Reached skill level 5 in Dodging
  3624 | D:5      | Slain by a scorpion

Illustrated notes

Levels and vault maps discovered:
D:1:      amcnicky_arrival_wind_blow, layout_loops_ring,
          hellmonk_ecumenical_altar_pennies_from_heaven
D:2:      layout_basic, chequers_mini_garden, minmay_misc_feat_five
D:3:      layout_loops_ring, serial_shops, shop
D:4:      layout_gridville, nicolae_shop_overcharged_wands, uniq_edmund,
          uniq_duvessa
D:5:      layout_basic, lemuel_crystal_altar, serial_shops, shop,
          serial_bayou_pond_e, uniq_blork_the_orc

Skill      XL: |  1  2  3  4  5  6 |
---------------+-------------------+-----
Dodging        | 3 4 5 |  5.0
Shapeshifting  | 3 |  3.8
Fighting       | 2 3 |  3.3
Unarmed Combat | 4 |  4.4

Action                     |  1- 3 |  4- 6 || total
---------------------------+-------+-------++-------
  Melee: Unarmed           |    93 |   109 ||   202
         Bite              |    10 |    14 ||    24
         Punch             |     1 |     1 ||     2
    Use: Scroll            |     1 |     1 ||     2
   Stab: Sleeping          |     5 |     1 ||     6
 Armour: Skin              |    24 |    42 ||    66
  Dodge: Dodged            |    57 |   103 ||   160
